 Dungeon Crawl Stone Soup version 0.30-a0-596-g0af90f9a20 (webtiles) character file.

Game seed: 18111603500585952653

39 Newt the Shooter (level 3, 0/21 HPs)
             Began as a Kobold Hunter on Jan 6, 2023.
             Killed from afar by a dart slug (3 damage)
             ... with a slug dart
             ... on level 2 of the Dungeon.
             The game lasted 00:01:08 (1028 turns).

Newt the Shooter (Kobold Hunter)                    Turns: 1028, Time: 00:01:08

Health: 0/21       AC:  3    Str:  8    XL:     3   Next: 70%
Magic:  3/3        EV: 14    Int: 10    God:
Gold:   53         SH:  0    Dex: 20    Spells: 2/2 levels left

rFire   . . .      SeeInvis .    a - +1 shortbow
rCold   . . .      Faith    .    (shield currently unavailable)
rNeg    . . .      Spirit   .    c - +0 leather armour
rPois   .          Reflect  .    (no helmet)
rElec   .          Harm     .    (no cloak)
rCorr   .          Rampage  .    (no gloves)
Will    .....                    (no boots)
Stlth   ++++                     (no amulet)
HPRegen 0.23/turn                (no ring)
MPRegen 0.08/turn                (no ring)

@: no status effects
A: small, no large weapons, nightstalker 3
a: no special abilities


You were on level 2 of the Dungeon.
You visited 1 branch of the dungeon, and saw 2 of its levels.

You collected 53 gold pieces.

Inventory:

Hand Weapons
 a - a +1 shortbow (weapon)
 b - a +4 dagger
Armour
 c - a +0 leather armour (worn)
Scrolls
 d - a scroll of immolation
 f - a scroll of teleportation
 g - a scroll of enchant armour
 k - a scroll of amnesia
Potions
 e - a potion of brilliance {unknown}
 h - a potion of haste {unknown}
 i - a potion of curing {unknown}


   Skills:
 - Level 2.1 Fighting
 + Level 5.8 Ranged Weapons
 - Level 2.4 Dodging
 - Level 4.0 Stealth


You had 2 spell levels left.
You didn't know any spells.
Your spell library was empty.

Dungeon Overview and Level Annotations

Branches:
Dungeon (2/15)

Altars:


Innate Abilities, Weirdness & Mutations

You are small and have problems with some larger weapons.
You are completely attuned to the shadows.


Message History

The adder is almost dead.
The dart slug launches a dart at you. The slug dart hits you.
The adder bites you.
You are poisoned.
The adder poisons you!
You feel sick. The adder completely misses you.
You shoot an arrow. The arrow hits the adder!
You kill the adder!
You feel sick.
You are too injured to fight recklessly!
You are too injured to fight recklessly!
You feel sick. The dart slug closely misses you.
There is an open door here.
You see here an adder corpse.
You shoot an arrow. The arrow hits the dart slug.
The dart slug is heavily wounded.
You feel sick. The dart slug launches a dart at you. The slug dart hits you.
* * * LOW HITPOINT WARNING * * *
You shoot an arrow. The arrow hits the dart slug.
The dart slug is severely wounded.
You feel sick.
You are no longer poisoned.
Fire: a) +1 shortbow
Press: ? - help, Q - select action Shift-Dir - straight line, f/p - dart slug
Aim: a dart slug (severely wounded, 94% to hit)
You shoot an arrow.
The arrow hits the dart slug but does no damage.
The dart slug is severely wounded.
The dart slug launches a dart at you. The slug dart misses you.
Fire: a) +1 shortbow
Press: ? - help, Q - select action Shift-Dir - straight line, f/p - dart slug
Aim: a dart slug (severely wounded, 94% to hit)
You shoot an arrow. The arrow hits the dart slug.
The dart slug is almost dead.
The dart slug launches a dart at you. The slug dart hits you.
You die...

#+#.
###########....
..........@w...
......######?...
#.#.#.# ....
.......## ....
#.#.#.#.# ....
.........#
#.#.#.#.#.#
...........#
#.#.#.#.#.#.
##+###### ###


You could see a dart slug.

Vanquished Creatures
  An adder (D:2)
  2 dart slugs (D:1)
  3 ball pythons (D:1)
  5 endoplasms
  2 giant cockroaches (D:1)
  2 goblins (D:1)
  2 hobgoblins
  2 kobolds
  A quokka (D:1)
  2 bats (D:1)
  A rat (D:1)
23 creatures vanquished.

Notes
Turn   | Place    | Note
-------+----------+-------------------------------------------
     0 | D:1      | Newt the Kobold Hunter began the quest for the Orb.
     0 | D:1      | Reached XP level 1. HP: 12/12 MP: 1/1
    77 | D:1      | Reached XP level 2. HP: 17/17 MP: 2/2
   546 | D:1      | Reached XP level 3. HP: 18/21 MP: 3/3
  1028 | D:2      | Killed from afar by a dart slug

Illustrated notes

Levels and vault maps discovered:
D:1:      amcnicky_arrival_flooded_fountain, layout_basic, hex_large,
          minmay_misc_feat_more_columns, palyth_stone_intersect,
          minmay_pentomino_s4
D:2:      layout_basic, serial_shops, shop, hex_medium, kennysheep_doodads,
          uniq_terence

Skill      XL: |  1  2 |
---------------+-------+-----
Stealth        | 2 4 |  4.0
Fighting       | |  2.1
Ranged Weapons | |  5.8
Dodging        | |  2.4

Action                   || total
-------------------------++-------
 Fire: Shortbow          ||    51
  Use: Scroll            ||     5
Armor: Leather armour    ||     1
Dodge: Dodged            ||    18

Table legend: (Time is in decaauts)
 A = Elapsed time spent in this place.
 B = Non-inter-level travel time spent in this place.
 C = Inter-level travel time spent in this place.
 D = Time resting spent in this place.
 E = Time spent auto-exploring this place.
 F = Levels seen in this place.
 G = Mean time per level.
                   A        B        C        D        E       F      G
               +--------+--------+--------+--------+--------+-----+--------+
         Total |   1041 |   1015 |     26 |      0 |    899 |   2 |  520.5 |
       Dungeon |   1041 |   1015 |     26 |      0 |    899 |   2 |  520.5 |
               +--------+--------+--------+--------+--------+-----+--------+

Top non-repeatable levels by time:
     D:1: 891 daAuts
     D:2: 150 daAuts
